 Dungeon Crawl Stone Soup version 0.19.0-11-g3fc08b3 (webtiles) character file.

109 Jerry the Skirmisher (level 4, 0/30 HPs)
             Began as a Gargoyle Fighter on Nov 9, 2016.
             Slain by Natasha (4 damage)
             ... on level 2 of the Dungeon.
             The game lasted 00:03:07 (1230 turns).

Jerry the Skirmisher (Gargoyle Fighter)             Turns: 1230, Time: 00:03:08

Health: 0/30       AC: 10    Str: 20    XL:     4   Next: 90%
Magic:  4/4        EV:  9    Int:  8    God:
Gold:   136        SH:  0    Dex: 10    Spells: 0 memorised, 3 levels left

rFire  . . .     SeeInvis .     a - +0 flail
rCold  . . .     Gourm    .     b - +0 scale mail
rNeg   + . .     Faith    .     (no shield)
rPois  ∞         Spirit   .     (no helmet)
rElec  +         Reflect  .     (no cloak)
rCorr  .         Harm     .     (no gloves)
MR     .....                    (no boots)
Stlth  ..........               (no amulet)
                                (no ring)
                                (no ring)

@: slowed, very slow
A: negative energy resistance 1, electricity resistance, unbreathing,
petrification resistance, rot immunity, AC +3
a: no special abilities


You were on level 2 of the Dungeon.
You were not hungry.

You visited 1 branch of the dungeon, and saw 2 of its levels.

You collected 136 gold pieces.

Inventory:

Hand Weapons
 a - a +0 flail (weapon)
Armour
 b - a +0 scale mail (worn)
 c - a +0 shield
Scrolls
 h - a scroll of teleportation {unknown}
 k - 2 scrolls of identify {unknown}
 n - a scroll of random uselessness {unknown}
Potions
 d - a potion of might
 e - a potion of curing {unknown}
 g - a potion of flight {unknown}
 i - a potion of heal wounds {unknown}
 j - a potion of ambrosia {unknown}
Comestibles
 f - 2 bread rations
 l - a chunk of flesh
 m - a beef jerky


   Skills:
 + Level 4.3 Fighting
 + Level 2.9 Maces & Flails
 + Level 4.1 Armour
 - Level 3.7 Shields


You had 3 spell levels left.
You didn't know any spells.

Dungeon Overview and Level Annotations

Branches:
Dungeon (2/15)

Altars:

Annotations:
D:2 Natasha


Innate Abilities, Weirdness & Mutations

You are resistant to torment.
Your stone body is resilient. (AC +3)
You are immune to poison.
You resist negative energy. (rN+)
You are resistant to electric shocks. (rElec)
You can survive without breathing.
You are immune to petrification.
You are immune to rotting.


Message History

The iron imp is severely wounded.
Natasha howls an incantation.
Natasha shimmers violently.
Natasha claws you.
* * * LOW HITPOINT WARNING * * *
The iron imp shouts, "Crawl home, thou feckless common-kissing measle!"
The iron imp hits you but does no damage.
Natasha closely misses you.
Your scale mail prevents you from hitting Natasha.
The iron imp barely misses you.
Natasha stares at you and mumbles some strange words.
You feel yourself slow down.
You closely miss Natasha. Natasha claws you.
* * * LOW HITPOINT WARNING * * *
The iron imp closely misses you. Natasha claws you but does no damage.
You hit Natasha.
Natasha is lightly wounded.
The iron imp closely misses you. Natasha claws you but does no damage.
The iron imp misses you. Natasha claws you.
You die...

###########
..........#
#########.## #
#.#.##
#######.###.####
.....#.#
##...#####.##
......#
#...5@hb5..#
####.#.
#...#####..# ##
#.# #.#### . ...
#.# # #.# #.#
####.# ##
...#.########
............#
##.#####.#..#


You could see an iron imp, Natasha, a white imp and a bat.

Vanquished Creatures
  Natasha (twice) (D:2)
  An adder (D:1)
  3 worms
  A dart slug (D:1)
  A leopard gecko (D:2)
  7 bats
  2 giant cockroaches
  3 goblins (D:1)
  10 hobgoblins
  A frilled lizard (D:2)
  4 kobolds (D:1)
  8 rats
43 creatures vanquished.

Notes
Turn   | Place    | Note
-------+----------+-------------------------------------------
     0 | D:1      | Jerry the Gargoyle Fighter began the quest for the Orb.
     0 | D:1      | Reached XP level 1. HP: 14/14 MP: 1/1
    74 | D:1      | Reached XP level 2. HP: 12/19 MP: 2/2
   373 | D:1      | Reached XP level 3. HP: 24/24 MP: 3/3
   626 | D:2      | Noticed Natasha
   640 | D:2      | Killed Natasha
   640 | D:2      | Reached XP level 4. HP: 14/29 MP: 4/4
  1091 | D:2      | Noticed Natasha
  1099 | D:2      | Killed Natasha
  1216 | D:2      | Noticed Natasha
  1230 | D:2      | Slain by Natasha

Skill      XL: |  1  2  3 |
---------------+----------+-----
Fighting       | 4 |  4.3
Armour         | 4 |  4.1
Maces & Flails | |  2.9
Shields        | |  3.7

Action                   |  1- 3 |  4- 6 || total
-------------------------+-------+-------++-------
Melee: Flail             |    93 |    74 ||   167
  Eat: Chunk             |       |     1 ||     1
Armor: Scale mail        |    69 |    41 ||   110
Dodge: Dodged            |    51 |    57 ||   108
Block: Shield            |    21 |       ||    21
